 Dungeon Crawl Stone Soup version 0.28-a0-983-g1de4e0787c (webtiles) character file.

Game seed: 10055480286906086139

485 Decritt the Gusty (level 7, -11/40 HPs)
             Began as a Tengu Air Elementalist on Dec 3, 2021.
             Was an Initiate of Vehumet.
             Mangled by a black bear (12 damage)
             ... on level 4 of the Dungeon.
             The game lasted 00:10:24 (6172 turns).

Decritt the Gusty (Tengu Air Elementalist)          Turns: 6172, Time: 00:10:24

Health: -11/40     AC:  3    Str:  8    XL:     7   Next: 13%
Magic:  6/12       EV: 15    Int: 17    God:    Vehumet [......]
Gold:   224        SH:  4    Dex: 15    Spells: 11/12 levels left

rFire   . . .      SeeInvis .   v - +0 spear
rCold   . . .      Faith    .   b - +0 buckler
rNeg    . . .      Spirit   .   a - +0 robe
rPois   .          Reflect  .   (helmet restricted)
rElec   .          Harm     .   f - +0 cloak
rCorr   .          Rampage  .   (no gloves)
Will    .....                   (boots unavailable)
Stlth   ++........              (no amulet)
HPRegen 0.13/turn               (no ring)
MPRegen 0.13/turn               (no ring)

@: flying quickly and evasively, quick
A: beak, talons 3, nimble flight
a: Renounce Religion


You were on level 4 of the Dungeon.
You worshipped Vehumet.
Vehumet was noncommittal.
You visited 2 branches of the dungeon, and saw 6 of its levels.

You collected 224 gold pieces.

Inventory:

Hand Weapons
 c - a +0 quarterstaff
 v - a +0 spear (weapon)
Armour
 a - a +0 robe (worn)
 b - a +0 buckler (worn)
 f - a +0 cloak (worn)
 i - a +0 kite shield
Wands
 q - a wand of charming (8)
Scrolls
 e - a scroll of noise {unknown}
 g - a scroll of summoning
 l - a scroll of amnesia {unknown}
 m - a scroll of brand weapon {unknown}
 n - a scroll of holy word {unknown}
 t - a scroll of enchant weapon {unknown}
Potions
 h - a potion of invisibility {unknown}
 j - a potion of lignification {unknown}
 k - a potion of brilliance {unknown}
 o - a potion of magic {unknown}
 p - 3 potions of curing
 s - 2 potions of ambrosia
 u - a potion of experience {unknown}


   Skills:
 + Level 2.7 Fighting
 + Level 3.8 Dodging
 - Level 2.0 Stealth
 + Level 1.8 Shields
 + Level 3.2 Spellcasting
 - Level 3.0 Conjurations
 * Level 6.7 Air Magic


You had 11 spell levels left.
You knew the following spells:

 Your Spells              Type           Power      Damage    Failure   Level
a - Shock                 Conj/Air       76%        1d7       3%          1

Your spell library contained the following spells:

 Spells                   Type           Power      Damage    Failure   Level
 Static Discharge         Conj/Air       19%        N/A       4%          2
 Swiftness                Air            25%        N/A       4%          3
 Airstrike                Air            12%        N/A       14%         4
 Ensorcelled Hibernation  Hex/Ice        4%         N/A       34%         2
 Summon Lightning Spire   Summ/Air       14%        N/A       50%         4
 Spider Form              Tmut/Pois      2%         N/A       56%         3
 Summon Guardian Golem    Hex/Summ       2%         N/A       56%         3
 Animate Armour           Summ/Erth      4%         N/A       92%         4
 Borgnjor's Vile Clutch   Necr/Erth      1%         N/A       99%         5


Dungeon Overview and Level Annotations

Branches:
Dungeon (5/15)             Temple (1/1) D:4

Altars:
Ashenzari
Dithmenos
Elyvilon
Fedhas
Gozag
Kikubaaqudgha
Nemelex Xobeh
Okawaru
Ru
Trog
Vehumet
Xom
Zin

Shops:
D:1 :


Innate Abilities, Weirdness & Mutations

You have a beak for a mouth.
You have claws for feet.
Your magical nature lets you fly swiftly and evasively.


Message History

Aim: a black bear (almost dead, berserk, 79% to hit)
The zap hits the black bear.
The black bear is almost dead.
The black bear closely misses you. The black bear claws you.
The black bear closely misses you.
Casting: Shock (safe; 3% risk of failure)
Confirm with . or Enter, or press ? or * to list all spells.
Aiming: Shock (safe; 3% risk of failure)
Press: ? - help, Shift-Dir - straight line, f/p - black bear
Aim: a black bear (almost dead, berserk, 79% to hit)
The zap hits the black bear.
The black bear is almost dead.
The black bear bites you! The black bear claws you.
* * * LOW HITPOINT WARNING * * *
The black bear closely misses you. The black bear bites you!
* * * LOW HITPOINT WARNING * * *
The black bear misses you. The black bear claws you.
* * * LOW HITPOINT WARNING * * *
Your magical contamination has completely faded away.
The black bear rages.
You block the black bear's attack. The black bear claws you.
* * * LOW HITPOINT WARNING * * *
The black bear barely misses you. The black bear completely misses you.
The black bear closely misses you.
The black bear claws you but does no damage.
There is a stone staircase leading up here.
The black bear bites you.
* * * LOW HITPOINT WARNING * * *
The black bear closely misses you. The black bear claws you.
* * * LOW HITPOINT WARNING * * *
The black bear misses you. The black bear barely misses you.
The black bear closely misses you.
You fly upwards.
There is a stone staircase leading down here.
You block the black bear's attack.
The black bear claws you but does no damage.
The black bear claws you.
* * * LOW HITPOINT WARNING * * *
The black bear bites you!
You die...

####### ######## #.....#
##......# ### #####.###.#
#....##.# ##.###.....# #.####
#..#.##.###...##h###>###....#
#..#...........@.# #.....##.#
##..####.###...####
###.####.# .........# ##.##
#..# #.# .######### #.# #..#
#.# .# #.# #..###.# .# ##+##
#......# .# ##...## ##.#####
.#### ##.....## ##.# ....##
##.......## ##†<#


You could see a black bear (berserk).

Vanquished Creatures
  An ice beast (D:5)
  A black bear (D:5)
  2 scorpions
  2 hounds (D:4)
  4 adders
  4 worms (D:2)
  5 dart slugs
  4 bats
  6 endoplasms
  8 giant cockroaches
  12 hobgoblins
  4 jackals
  3 quokkas
  4 ball pythons
  3 frilled lizards (D:1)
  5 goblins
  4 kobolds
  A rat (D:2)
73 creatures vanquished.

Notes
Turn   | Place    | Note
-------+----------+-------------------------------------------
     0 | D:1      | Decritt the Tengu Air Elementalist began the quest for the
                  | Orb.
     0 | D:1      | Reached XP level 1. HP: 10/10 MP: 4/4
   175 | D:1      | Found Uhirocu's Book Emporium.
   227 | D:1      | Reached XP level 2. HP: 4/15 MP: 0/6
  1474 | D:2      | Reached XP level 3. HP: 20/20 MP: 2/7
  1745 | D:2      | Reached skill level 1 in Fighting
  2034 | D:2      | Reached XP level 4. HP: 21/25 MP: 3/8
  2147 | D:2      | Reached skill level 5 in Air Magic
  2242 | D:2      | Got the Handbook of Companions and Earth
  3780 | D:4      | Gained mutation: Your magical nature lets you fly swiftly
                  | and evasively. [Tengu growth]
  3780 | D:4      | Reached XP level 5. HP: 27/29 MP: 5/9
  4020 | D:4      | Found a staircase to the Ecumenical Temple.
  4029 | Temple   | Entered the Ecumenical Temple
  4236 | Temple   | Became a worshipper of Vehumet
  4626 | D:4      | Reached skill level 1 in Shields
  4626 | D:4      | Reached XP level 6. HP: 21/35 MP: 1/11
  4895 | D:4      | Reached skill level 6 in Air Magic
  5191 | D:5      | Entered Level 5 of the Dungeon
  5306 | D:5      | Noticed a black bear
  5329 | D:5      | Killed a black bear
  5991 | D:5      | Noticed an ice beast
  6006 | D:5      | Killed an ice beast
  6007 | D:5      | Reached XP level 7. HP: 27/40 MP: 3/12
  6170 | D:4      | HP: 1/40 [black bear (3)]
  6172 | D:4      | Mangled by a black bear

Illustrated notes

Levels and vault maps discovered:
D:1:      dpeg_arrival_connections, layout_basic, serial_shops, shop,
          st_stairs_12
D:2:      layout_rooms, hangedman_decor_clover_reticule,
          kennysheep_generic_room_13
D:3:      cheibrodos_old_hovel, layout_basic
D:4:      layout_loops_corners, minmay_temple_entry_waves, amethyst_killhole,
          minmay_misc_feat_columns, minmay_misc_feat_nine_boxes
D:5:      layout_layer_cave, nicolae_shop_firing_range
Temple:   nicolae_temple_figure_eight

Skill      XL: |  1  2  3  4  5  6 |
---------------+-------------------+-----
Conjurations   | 2 3 |  3.0
Fighting       | 1 2 |  2.7
Air Magic      | 5 6 |  6.7
Dodging        | 3 |  3.8
Shields        | 1 |  1.8
Spellcasting   | 3 |  3.2
Stealth        | |  2.0

Action                   |  1- 3 |  4- 6 |  7- 9 || total
-------------------------+-------+-------+-------++-------
Melee: Quarterstaff      |     9 |     9 |       ||    18
       Unarmed           |     3 |       |       ||     3
       Peck              |     4 |     2 |       ||     6
       Kick              |     2 |       |       ||     2
       Spear             |       |     2 |       ||     2
 Cast: Shock             |    80 |   126 |    11 ||   217
  Use: Scroll            |       |     3 |       ||     3
Armor: Robe              |     4 |     4 |     3 ||    11
Dodge: Dodged            |     9 |    33 |    14 ||    56
Block: Buckler           |       |     6 |     3 ||     9

Table legend: (Time is in decaauts)
 A = Elapsed time spent in this place.
 B = Non-inter-level travel time spent in this place.
 C = Inter-level travel time spent in this place.
 D = Time resting spent in this place.
 E = Time spent auto-exploring this place.
 F = Levels seen in this place.
 G = Mean time per level.
                   A        B        C        D        E       F      G
               +--------+--------+--------+--------+--------+-----+--------+
         Total |   6060 |   5815 |    245 |   1228 |   3959 |   6 | 1010.0 |
       Dungeon |   5860 |   5626 |    234 |   1228 |   3775 |   5 | 1172.0 |
        Temple |    199 |    189 |     10 |      0 |    184 |   1 |  199.0 |
               +--------+--------+--------+--------+--------+-----+--------+

Top non-repeatable levels by time:
     D:4: 1748 daAuts
     D:1: 1422 daAuts
     D:2: 1292 daAuts
     D:3: 977 daAuts
     D:5: 419 daAuts
  Temple: 199 daAuts
